 Dungeon Sprint DCSS version 0.18-a0-1126-ga2d7f46 (webtiles) character file.

135 Kidiri the Cudgeler (level 4, -3/49 HPs)
             Began as a Troll Berserker on Jan 20, 2016.
             Was an Elder of Trog.
             Slain by an orange demon (12 damage)
             ... summoned by a kobold demonologist
             ... in the Dungeon (Sprint III: "The Ten Rune Challenge").
             The game lasted 00:05:22 (307 turns).

Kidiri the Cudgeler (Troll Berserker)                Turns: 307, Time: 00:05:22

Health: -3/49      AC:  6    Str: 26    XL:     4   Next: 97%
Magic:  2/2        EV: 11    Int:  1    God:    Trog [****..]
Gold:   21         SH:  0    Dex:  9    Spells: 0 memorised, 3 levels left

rFire  . . .     SeeInvis .     a - +0 mace
rCold  . . .     Gourm    +     b - +0 animal skin
rNeg   . . .     Faith    .     (no shield)
rPois  .         Spirit   .     (helmet restricted)
rElec  .         Dismiss  .     (no cloak)
rCorr  .         Reflect  .     (gloves unavailable)
SustAt .         Harm     .     (boots unavailable)
MR     +....     NoTele   +     (no amulet)
Stlth  +.........               (no ring)
                                (no ring)

@: lethally poisoned (-3 -> -24), somewhat resistant to hostile enchantments,
very unstealthy
A: unfitting armour, claws 3, dopey 1, fast metabolism 3, gourmand, low mp 1,
magic resistance 1, regeneration 2, shaggy fur 2, tough skin 2
a: Berserk, Trog's Hand, Brothers in Arms, Burn Spellbooks, Renounce Religion


You were in the Dungeon.
You worshipped Trog.
Trog was greatly pleased with you.
You were not hungry.

You visited 1 branch You collected 21 gold pieces.

Inventory:

Hand Weapons
 a - a +0 mace (weapon)
Armour
 b - a +0 animal skin (worn)
Scrolls
 i - a scroll of blinking
 j - a scroll of fog
 l - a scroll of holy word
 n - 2 scrolls of recharging
 r - a scroll of immolation
 s - 2 scrolls of remove curse
Potions
 d - 2 potions of curing
 e - a potion of heal wounds
 f - a potion of haste
 g - 2 potions of magic
 h - a potion of berserk rage
 p - 3 potions of cure mutation
 q - 2 potions of flight
Comestibles
 c - 3 bread rations
 o - 3 fruits


   Skills:
 + Level 4.4 Fighting
 * Level 6.3 Maces & Flails
 * Level 5.6 Dodging


You had 3 spell levels left.
You didn't know any spells.

Dungeon Overview and Level Annotations

Branches:
Dungeon (1/1)

Altars:
Kikubaaqudgha
Sif Muna
Vehumet


Innate Abilities, Weirdness & Mutations

You are too large for most types of armour.
You have claws for hands.
Your metabolism is lightning-fast.
You like to eat raw meat.
You heal very quickly.
You are covered in thick fur (AC +2).
You have very tough skin (AC +2).
You are dopey. (Int -2)
Your magical capacity is low (-10% MP).
You are resistant to hostile enchantments.


Message History

The kobold demonologist mumbles some strange words.
You miss the kobold demonologist.
The kobold demonologist is severely wounded.
You feel sick. The orange demon stings you from afar!
You are more poisoned.
The orange demon poisons you! The orange demon stings you!
The orange demon closely misses you.
The kobold demonologist hits you but does no damage.
The hellwing misses you. The hellwing hits you.
You barely miss the kobold demonologist.
The kobold demonologist is severely wounded.
You feel very sick. The orange demon stings you from afar.
* * * LOW HITPOINT WARNING * * *
The hellwing hits you but does no damage.
The hellwing hits you.
* * * LOW HITPOINT WARNING * * *
The kobold demonologist hits you but does no damage.
The orange demon stings you!
You die...

##.......#..#..#
.##.##...#..#..###+#+###+
.##.###..##+#..#.........
####.##..###...'.⌠.......
##..##.÷####...#...######
....##..###....#.⌠.#
#..##...##.....#...#
..##....#......#'###
)###..##.#.....#@44# .#
#..#####....#4K_# ▓▓ ▓▓▓▓
▓▓▓▓▓▓▓▓▓▓


You could see 2 orange demons, a hellwing and a kobold demonologist.

Vanquished Creatures
  A water elemental (D)
  Jessica (D)
  A wizard (D)
  A human (D)
  An ooze (D)
  A phantom (D)
  2 rats (D)
8 creatures vanquished.

Vanquished Creatures (others)
  2 draconian scorchers (D)
2 creatures vanquished.

Grand Total: 10 creatures vanquished

Notes
Turn   | Place    | Note
--------------------------------------------------------------
     0 | D        | Kidiri the Troll Berserker began the quest for the Orb.
     0 | D        | Reached XP level 1. HP: 22/22 MP: 0/0
    12 | D        | Reached ** piety under Trog
    12 | D        | Reached skill level 3 in Maces & Flails
    79 | D        | Noticed Jessica
    94 | D        | Killed Jessica
    94 | D        | Reached skill level 4 in Maces & Flails
    94 | D        | Reached XP level 2. HP: 29/31 MP: 1/1
    94 | D        | Reached XP level 3. HP: 34/37 MP: 2/2
   164 | D        | Reached *** piety under Trog
   199 | D        | Killed a white draconian scorcher
   212 | D        | Killed a white draconian scorcher
   224 | D        | Reached skill level 5 in Maces & Flails
   243 | D        | Gained mutation: You are dopey. (Int -2) [potion of mutation]
   243 | D        | Gained mutation: Your movements are slightly less encumbered by armour (ER -2). [potion of mutation]
   243 | D        | Gained mutation: Your magical capacity is low (-10% MP). [potion of mutation]
   244 | D        | Lost mutation: Your movements are slightly less encumbered by armour (ER -2). [potion of mutation]
   244 | D        | Gained mutation: You are covered in thick fur (AC +2). [potion of mutation]
   244 | D        | Gained mutation: You are resistant to hostile enchantments. [potion of mutation]
   253 | D        | Noticed a water elemental
   260 | D        | Killed a water elemental
   260 | D        | Reached skill level 6 in Maces & Flails
   260 | D        | Reached skill level 5 in Dodging
   260 | D        | Reached XP level 4. HP: 43/48 MP: 2/2
   294 | D        | Found a radiant altar of Vehumet.
   294 | D        | Found a deep blue altar of Sif Muna.
   294 | D        | Found an ancient bone altar of Kikubaaqudgha.
   296 | D        | Reached **** piety under Trog
   303 | D        | Noticed an orange demon
   306 | D        | Noticed an orange demon
   306 | D        | Noticed a hellwing
   307 | D        | Slain by an orange demon

Vault maps used:
D:        dungeon_sprint_mu

Action                   |  1- 3 |  4- 6 || total
-------------------------+-------+-------++-------
Melee: Mace              |    44 |    10 ||    54
Invok: Berserk           |     2 |       ||     2
       Burn Spellbooks   |       |     1 ||     1
  Use: Scroll            |     4 |       ||     4
       Potion            |     2 |       ||     2
  Eat: Chunk             |     3 |       ||     3
